 Dungeon Crawl Stone Soup version 0.29-a0-824-gd827844252 (webtiles) character file.

Game seed: 9560672050916559686

266052 ihfijgdoutdouutd the Crack Shot (level 18, -4/158 (160) HPs)
             Began as a Demigod Hunter on July 10, 2022.
             Slain by Vv (15 damage)
             ... on level 2 of the Depths.
             The game lasted 01:36:21 (36467 turns).

ihfijgdoutdouutd the Crack Shot (Demigod Hunter)   Turns: 36467, Time: 01:36:22

HP:   -4/158 (160)  AC: 14    Str: 10    XL:     18   Next: 61%
MP:   26/28         EV: 27    Int: 15    God:
Gold: 1208          SH:  5    Dex: 41    Spells: 9/25 levels left

rFire   + . .      SeeInvis +   g - +9 longbow (freeze)
rCold   + + .      Faith    .   (shield currently unavailable)
rNeg    . . .      Spirit   .   I - +2 robe {rC+ rF+}
rPois   .          Reflect  +   Q - +2 helmet {SInv}
rElec   .          Harm     .   X - +2 cloak {Will+}
rCorr   .          Rampage  .   F - +0 pair of gloves
Will    ++...                   H - +2 pair of boots
Stlth   +++.......              f - amulet "Gykh" {Reflect Dex+4 SH+5}
HPRegen 0.36/turn               w - +4 ring of slaying
MPRegen 0.21/turn               Z - ring of Muahir {rC+ Str-2 Slay+4}

@: frozen, forested, studying Long Blades, lightly drained, very slow
A: high MP 1, forlorn, divine attributes
}: 2/15 runes: serpentine, barnacled
a: no special abilities


You were on level 2 of the Depths.
You visited 6 branches of the dungeon, and saw 33 of its levels.
You also visited: Ossuary and Ice Cave.

You collected 4240 gold pieces.
You spent 3032 gold pieces at shops.

Inventory:

Hand Weapons
 g - a +9 longbow of freezing (weapon)
 U - a +0 longbow of flaming
Missiles
 c - 2 throwing nets
Armour
 F - a +0 pair of gloves (worn)
 H - a +2 pair of boots (worn)
 I - a +2 robe of resistance (worn)
 Q - a +2 helmet of see invisible (worn)
 X - a +2 cloak of willpower (worn)
Jewellery
 f - the amulet "Gykh" (around neck) {Reflect Dex+4 SH+5}
   (You found it on level 2 of the Depths)

   [amulet of reflection]

   It reflects blocked missile attacks.
   Dex:       It affects your dexterity (+4).
   SH:        It affects your SH (+5).
 l - a ring of flight
 s - a ring of poison resistance
 w - a +4 ring of slaying (left hand)
 B - the ring of the Raven {rElec Will+ rCorr Str+8 Dex-3}
   (You found it on level 3 of the Snake Pit)

   [ring of willpower]

   Str:       It affects your strength (+8).
   Dex:       It affects your dexterity (-3).
   rElec:     It insulates you from electricity.
   rCorr:     It protects you from acid and corrosion.
   Will:      It increases your willpower.
 Z - the ring of Muahir (right hand) {rC+ Str-2 Slay+4}
   (You bought it in a shop on level 2 of the Shoals)

   [ring of protection from cold]

   Str:       It affects your strength (-2).
   Slay:      It affects your accuracy & damage with ranged weapons and melee
   (+4).
   rC:        It protects you from cold.
Wands
 u - a wand of acid (18)
 v - a wand of mindburst (45)
 C - a wand of charming (28)
 O - a wand of flame (11)
 R - a wand of digging (8)
 S - a wand of roots (37)
Scrolls
 b - 7 scrolls of immolation
 e - 7 scrolls of amnesia
 h - a scroll of blinking
 n - a scroll of brand weapon
 o - 10 scrolls of teleportation
 q - 4 scrolls of magic mapping
 r - 7 scrolls of poison
 t - 2 scrolls of torment
 x - 2 scrolls of enchant weapon
 y - 3 scrolls of fog
 J - 8 scrolls of vulnerability
 L - 7 scrolls of identify
 V - a scroll of silence
 W - a scroll of fear
Potions
 a - 4 potions of ambrosia
 d - 10 potions of lignification
 i - a potion of invisibility
 j - 10 potions of might
 m - 10 potions of brilliance
 p - 7 potions of haste
 z - 24 potions of curing
 D - 3 potions of magic
 E - 2 potions of berserk rage
 K - 5 potions of attraction
 M - 2 potions of resistance
 P - 7 potions of flight
 T - 3 potions of mutation
Miscellaneous
 G - a condenser vane (inert)
 N - a piece from Xom's chessboard (15/15)
 Y - a condenser vane (inert)


   Skills:
 - Level 14.0 Fighting
 - Level 22.0 Ranged Weapons
 - Level 10.0 Dodging
 - Level 0.8 Stealth
 - Level 4.0 Spellcasting
 + Level 12.2 Summonings
 + Level 12.1 Translocations


You had 9 spell levels left.
You knew the following spells:

 Your Spells              Type           Power      Damage    Failure   Level
a - Summon Forest         Summ/Tloc      19%        N/A       3%          5
b - Gell's Gravitas       Tloc           39%        N/A       1%          3
c - Disjunction           Tloc           19%        N/A       100%        8

Your spell library contained the following spells:

 Spells                   Type           Power      Damage    Failure   Level
 Blink                    Tloc           78%        N/A       1%          2
 Call Imp                 Summ           39%        N/A       1%          2
 Lesser Beckoning         Tloc           39%        N/A       1%          3
 Teleport Other           Tloc           39%        N/A       1%          3
 Manifold Assault         Tloc           39%        N/A       3%          5
 Animate Armour           Summ/Erth      42%        N/A       14%         4
 Magic Dart               Conj           12%        1d3       19%         1
 Shock                    Conj/Air       12%        1d3       19%         1
 Dispersal                Tloc           19%        N/A       19%         6
 Summon Cactus Giant      Summ           19%        N/A       19%         6
 Ensorcelled Hibernation  Hex/Ice        6%         N/A       26%         2
 Scorch                   Fire           6%         2d5       26%         2
 Static Discharge         Conj/Air       3%         3-4/arc   26%         2
 Conjure Flame            Conj/Fire      3%         6-21      47%         3
 Ignite Poison            Fire/Tmut/Pois 3%         N/A       47%         3
 Mephitic Cloud           Conj/Pois/Air  3%         N/A       47%         3
 Spider Form              Tmut/Pois      3%         N/A       47%         3
 Swiftness                Air            3%         N/A       47%         3
 Summon Hydra             Summ           19%        N/A       69%         7
 Airstrike                Air            1%         0-2+      87%         4
 Anguish                  Hex/Necr       1%         N/A       87%         4
 Animate Dead             Necr           3%         N/A       87%         4
 Cause Fear               Hex            1%         N/A       87%         4
 Dispel Undead            Necr           3%         3d7       87%         4
 Flame Wave               Conj/Fire      3%         2d4       87%         4
 Leda's Liquefaction      Hex/Erth       1%         N/A       87%         4
 Sticky Flame             Conj/Fire      3%         2d3       87%         4
 Blade Hands              Tmut           1%         N/A       99%         5
 Irradiate                Conj/Tmut      1%         3d13      99%         5
 Lee's Rapid Deconstruct  Erth           1%         3d5*      99%         5
 Eringya's Noxious Bog    Tmut/Pois      1%         N/A       100%        6
 Iron Shot                Conj/Erth      1%         9d1       100%        6
 Statue Form              Tmut/Erth      2%         N/A       100%        6
 Dragon Form              Tmut           1%         N/A       100%        7
 Enfeeble                 Hex            1%         N/A       100%        7
 Haunt                    Necr/Summ      10%        N/A       100%        7
 Storm Form               Tmut/Air       1%         N/A       100%        7
 Infestation              Necr           1%         N/A       100%        8
 Dragon's Call            Summ           19%        N/A       100%        9


Dungeon Overview and Level Annotations

Branches:
Dungeon (15/15)            Temple (0/1) D:4            Lair (6/6) D:10
 Shoals (4/4) Lair:2        Snake (4/4) Lair:2        Slime (0/5) Lair:5
    Orc (2/2) D:12            Elf (0/3) Orc:2        Vaults (0/5) D:13
 Depths (1/4) D:15        Ossuary (visited)           IceCv (visited)

Shops:
D:2 [   D:10 !   D:11 *   Orc:2 [?:*   Shoals:2 (*(   Snake:2 =:=   Snake:3 !

Portals:
Pandemonium: Orc:2

Annotations:
D:9 exclusion: wraith, Erica
D:12 Jorgrun
Shoals:2 2 runed translucent doors, Orphipn's ghost, adept VSEE
Depths:2 Vv


Innate Abilities, Weirdness & Mutations

You have an increased reservoir of magic. (+10% MP)
You shall have no god before yourself.
Your divine heritage dramatically boosts your attributes as you level up.


Message History

Fire: g) +9 longbow (freeze)
Press: ? - help, Q - select action, (/) - cycle Shift-Dir - straight line, f/p - Vv
Aim: Vv (almost destroyed, 81% to hit)
You shoot an arrow. The arrow hits Vv but does no damage.
Vv is almost destroyed.
Vv hits you but does no damage. Vv completely misses you.
Fire: g) +9 longbow (freeze)
Press: ? - help, Q - select action, (/) - cycle Shift-Dir - straight line, f/p - Vv
Aim: Vv (almost destroyed, 81% to hit)
You shoot an arrow. The arrow hits Vv.
The arrow freezes Vv.
Vv is almost destroyed.
Vv hits you! Vv freezes you! You resist. Vv completely misses you.
Fire: g) +9 longbow (freeze)
Press: ? - help, Q - select action, (/) - cycle Shift-Dir - straight line, f/p - Vv
Aim: Vv (almost destroyed, 81% to hit)
You shoot an arrow. The arrow hits Vv!
The arrow freezes Vv.
Vv is almost destroyed.
Unknown command.
Clouds of freezing vapour condense around you!
The condenser dries out!
The ice encasing you melts away. You block Vv's attack. Vv hits you!
* * * LOW HITPOINT WARNING * * *
You are engulfed in flames!
You resist.
* * * LOW HITPOINT WARNING * * *
You feel much better.
Vv calls freezing cold from the walls.
The frost grips you!!! You partially resist.
* * * LOW HITPOINT WARNING * * *
You are encased in ice.
Okay, then.
Okay, then.
Unknown command.
Press: ? - help, v - describe, . - travel
Here: Vv (freezing vapour, almost destroyed)
The floor.
You feel much better.
Vv is engulfed in freezing vapours.
Vv hits you!!
* * * LOW HITPOINT WARNING * * *
Vv freezes you! You resist.
You die...

#.# ##........#.#........## #.#
#.# ##.....#.#.#.#.....## #.#
#.# ###.....#.♣.....### #.# #.#
####..#(#..#### #.#
#÷###########.#.#.###########.#
#..........)[.#.♣.............#
###############.♣##♣♣♣#########
.....##.....)..≈≈≈≈≈
........§@§#.......≈≈
........§9♣♣.........
####♣...§§♣#.........
###...##.........
##...#......... #♣...♣#.).....
♣....♣...9... ###♣..###### #.##


You could see Vv.

Vanquished Creatures
  Mara (Shoals:3)
  Vashnia (Snake:4)
  Nikola (Snake:2)
  Rupert (D:13)
  2 sphinxes (Depths:1)
  Agnes (Snake:2)
  A tengu reaver (Depths:2)
  A fenstrider witch (Shoals:2)
  3 nagarajas (Snake:4)
  4 fire giants
  A frost giant (Depths:1)
  Louise (Snake:4)
  The ghost of Bacito the Eclecticist, an adept DECj of Vehumet (Snake:3)
  8 very ugly things
  3 stone giants (Depths:1)
  A vampire knight (Depths:2)
  Nessos (D:12)
  2 spark wasps (Depths:2)
  A white draconian (IceCv)
  2 merfolk javelineers
  Snorg (Orc:2)
  3 ettins
  2 fire dragons
  A fire dragon (shapeshifter) (Depths:2)
  Josephine (Lair:6)
  7 merfolk impalers
  3 ice dragons
  2 hydras
  2 merfolk avatars
  Fannar (Lair:3)
  3 vault guards (D:13)
  5 centaur warriors
  3 salamander tyrants
  2 spriggan air magi (Depths:1)
  An anaconda (Snake:3)
  2 alligator snapping turtles (Shoals:4)
  3 merfolk aquamancers (Shoals:4)
  2 demonspawn (Orc:2)
  21 naga warriors
  3 satyrs
  A vampire mage (Depths:1)
  4 deep troll shamans
  5 two-headed ogres
  9 death yaks
  7 shock serpents
  5 tengu warriors
  Urug (D:10)
  3 orc high priests (Orc:2)
  A deep troll earth mage (Depths:2)
  5 naga sharpshooters (Snake:4)
  A hell knight (D:15)
  A goliath frog (Lair:6)
  8 sea snakes
  5 salamander mystics
  2 iron trolls
  A sea snake (shapeshifter) (Depths:2)
  2 deep trolls
  5 naga ritualists
  23 harpies
  6 orc knights
  2 wizards
  A glowing orange brain (Depths:1)
  2 mana vipers (Snake:3)
  A harpy (shapeshifter) (D:13)
  A necromancer (D:15)
  3 wolf spiders
  4 deep elf pyromancers
  A salamander (shapeshifter) (D:14)
  16 manticores
  9 orc sorcerers (Orc:2)
  5 cyclopes
  6 fauns
  28 ugly things
  2 guardian serpents
  37 salamanders
  A centaur zombie (D:13)
  3 elephants (Lair:4)
  10 water nymphs
  A torpor snail (Lair:2)
  A gargoyle (D:14)
  A rust devil (Orc:2)
  28 black mambas
  3 centaur skeletons (D:13)
  2 ice statues (IceCv)
  15 naga magi
  Joseph (D:7)
  A water nymph (shapeshifter) (Depths:2)
  9 merfolk sirens
  16 cane toads
  Maggie (D:7)
  An unseen horror (D:11)
  5 rime drakes
  A rime drake (shapeshifter) (Depths:2)
  3 kobold demonologists
  A yaktaur (D:15)
  14 komodo dragons
  A red devil (Orc:2)
  2 tengu conjurers (Depths:2)
  3 tyrant leeches (Lair:6)
  3 meliai (D:15)
  A queen bee (shapeshifter) (Depths:2)
  4 trolls
  5 wind drakes
  27 merfolk
  A wind drake (shapeshifter) (Depths:2)
  13 blink frogs (Lair:6)
  17 slime creatures
  4 snapping turtles
  3 hornets
  4 dream sheep (Lair:2)
  A centaur simulacrum (D:13)
  A shapeshifter (Depths:2)
  A culicivora (shapeshifter) (Depths:2)
  Sigmund (D:6)
  6 wyverns
  4 water elementals
  50 yaks
  4 vampires
  5 wraiths
  2 shadows
  8 humans (D:13)
  A steam dragon (D:8)
  Eustachio (D:5)
  A chaos spawn (Orc:2)
  9 basilisks
  16 vampire mosquitoes
  Menkaure (D:6)
  45 nagas
  5 wargs
  5 swamp worms (Lair:4)
  Duvessa (D:7)
  An acid dragon (D:13)
  14 water moccasins
  A floating eye (Depths:1)
  3 black bears
  25 orc warriors
  2 swamp drakes
  2 sky beasts (D:7)
  4 ogres
  9 wolves
  9 centaurs
  Blork the orc (D:6)
  4 kobold brigands
  An elf zombie (Ossuary)
  22 bullfrogs
  2 scorpions
  2 gnoll sergeants (D:8)
  A jelly (D:5)
  4 wights (D:8)
  Dowan (D:7)
  4 lindwurm simulacra (IceCv)
  8 killer bees
  4 howler monkeys
  2 electric eels (Lair:6)
  2 komodo dragon simulacra (IceCv)
  3 lava snakes
  26 orc priests
  4 hounds
  16 iguanas
  29 orc wizards
  6 hell rats (Lair:3)
  2 mummies (Ossuary)
  14 gnolls
  8 acid dragon simulacra (IceCv)
  7 adders
  14 white imps
  7 steam dragon simulacra (IceCv)
  An ufetubus (D:5)
  3 worms
  4 dart slugs
  78 orcs
  4 endoplasms
  3 giant cockroaches
  6 goblins
  7 hobgoblins
  13 jackals
  22 kobolds
  2 quokkas
  5 ball pythons
  6 bats
  17 frilled lizards
  3 gnoll zombies (Ossuary)
  3 goblin zombies (Ossuary)
  4 hobgoblin zombies (Ossuary)
  3 orc zombies (Ossuary)
  7 rats
  7 briar patches (Lair:4)
1154 creatures vanquished.

Vanquished Creatures (collateral kills)
  An ettin (Depths:2)
  An unseen horror (shapeshifter) (Depths:2)
2 creatures vanquished.

Vanquished Creatures (others)
  A vault guard (D:13)
  2 deep trolls (Depths:1)
  2 iguanas (Lair:5)
  A briar patch (Lair:4)
  13 fungi
  124 plants
143 creatures vanquished.

Grand Total: 1299 creatures vanquished

Notes
Turn   | Place    | Note
-------+----------+-------------------------------------------
     0 | D:1      | ihfijgdoutdouutd the Demigod Hunter began the quest for the
                  | Orb.
     0 | D:1      | Reached XP level 1. HP: 17/17 MP: 3/3
   116 | D:1      | Reached skill level 4 in Ranged Weapons
   273 | D:1      | Reached XP level 2. HP: 24/24 MP: 4/4
   894 | D:1      | Reached XP level 3. HP: 29/29 MP: 5/5
  1235 | D:2      | Reached skill level 5 in Ranged Weapons
  1449 | D:2      | Found Eqaasabo's Armour Boutique.
  1768 | D:2      | Reached XP level 4. HP: 36/36 MP: 6/6
  3006 | D:3      | Reached skill level 6 in Ranged Weapons
  3006 | D:3      | Reached XP level 5. HP: 32/41 MP: 7/7
  3135 | D:4      | Found a staircase to the Ecumenical Temple.
  3508 | D:4      | Noticed an orc warrior
  3526 | D:4      | Killed an orc warrior
  3527 | D:4      | Reached skill level 7 in Ranged Weapons
  3527 | D:4      | Reached XP level 6. HP: 36/48 MP: 8/8
  3978 | D:5      | Entered Level 5 of the Dungeon
  3993 | D:5      | Reached skill level 8 in Ranged Weapons
  3993 | D:5      | Reached XP level 7. HP: 53/53 MP: 9/9
  4346 | D:5      | Noticed Eustachio
  4357 | D:5      | Killed Eustachio
  4475 | D:5      | Reached skill level 9 in Ranged Weapons
  4758 | D:6      | Noticed Menkaure
  4763 | D:6      | Killed Menkaure
  4769 | D:6      | Reached XP level 8. HP: 42/60 MP: 10/10
  4786 | D:6      | Noticed Sigmund
  4853 | D:6      | Found a sand-covered staircase.
  4859 | Ossuary  | Entered an ossuary
  5037 | D:6      | Noticed Blork the orc
  5046 | D:6      | Killed Blork the orc
  5227 | D:2      | Bought a +2 pair of boots for 231 gold pieces
  5312 | D:6      | Killed Sigmund
  5395 | D:6      | Reached skill level 5 in Dodging
  5448 | D:6      | Reached skill level 10 in Ranged Weapons
  5628 | D:6      | Identified the +1 pair of gloves of the Griffon {rPois}
  6007 | D:7      | Noticed Joseph
  6019 | D:7      | Killed Joseph
  6020 | D:7      | Reached XP level 9. HP: 50/67 MP: 11/11
  6401 | D:7      | Noticed Maggie
  6419 | D:7      | Killed Maggie
  6688 | D:7      | Reached skill level 11 in Ranged Weapons
  6688 | D:7      | Noticed Duvessa
  6692 | D:7      | Noticed Dowan
  6706 | D:7      | Killed Duvessa
  6708 | D:7      | Killed Dowan
  7467 | D:2      | Bought a +2 helmet of see invisible for 301 gold pieces
  7903 | D:8      | Reached XP level 10. HP: 73/73 MP: 13/13
  7931 | D:8      | Learned a level 5 spell: Summon Forest
  8491 | D:9      | Noticed a two-headed ogre
  8492 | D:9      | Noticed a two-headed ogre
  8601 | D:9      | Reached skill level 12 in Ranged Weapons
  8728 | D:9      | Noticed Erica
  8804 | D:9      | Killed a two-headed ogre
  8954 | D:9      | Noticed a deep elf pyromancer
  8959 | D:9      | Killed a deep elf pyromancer
  9057 | D:9      | Killed a two-headed ogre
  9879 | D:10     | Entered Level 10 of the Dungeon
 10070 | D:10     | Reached skill level 10 in Dodging
 10082 | D:10     | Reached skill level 13 in Ranged Weapons
 10363 | D:10     | Found Vasiskac's Distillery.
 10403 | D:10     | Noticed Urug
 10908 | D:10     | Bought a potion of heal wounds for 60 gold pieces
 10935 | D:10     | Reached XP level 11. HP: 79/79 MP: 14/14
 11399 | D:10     | Reached skill level 14 in Ranged Weapons
 11506 | D:10     | Found a staircase to the Lair.
 12277 | D:11     | Noticed a two-headed ogre
 12283 | D:11     | Killed a two-headed ogre
 12323 | D:11     | Found Vedysoar's Demolitions Depot.
 12812 | D:11     | Reached skill level 15 in Ranged Weapons
 13114 | D:12     | Found a staircase to the Orcish Mines.
 13301 | D:11     | HP: 1/79 [slime creature (15)]
 13730 | D:10     | Found a staircase to the Lair.
 14003 | D:10     | Killed Urug
 14305 | D:10     | Found Vasiskac's Distillery.
 14925 | D:12     | Noticed Nessos
 15037 | D:12     | Killed Nessos
 15294 | D:12     | Noticed a deep elf pyromancer
 15311 | D:12     | Killed a deep elf pyromancer
 15382 | D:12     | Noticed a two-headed ogre
 15385 | D:12     | Killed a two-headed ogre
 15386 | D:12     | Reached skill level 16 in Ranged Weapons
 15398 | D:12     | Noticed Jorgrun
 15454 | Lair:1   | Entered Level 1 of the Lair of Beasts
 15673 | Lair:1   | Reached XP level 12. HP: 64/85 MP: 15/15
 16414 | Lair:2   | Reached skill level 17 in Ranged Weapons
 16445 | Lair:2   | Learned a level 3 spell: Gell's Gravitas
 16626 | Lair:2   | Found a staircase to the Snake Pit.
 16729 | Lair:2   | Found a staircase to the Shoals.
 17806 | Lair:3   | Noticed Fannar
 17811 | Lair:3   | Killed Fannar
 18286 | Lair:4   | Reached skill level 18 in Ranged Weapons
 18357 | Lair:4   | Found a transporter.
 18433 | Lair:4   | Noticed an eight-headed hydra
 18441 | Lair:4   | Killed an eight-headed hydra
 18478 | Lair:4   | Found a transporter.
 18481 | Lair:4   | Found a frozen archway.
 18551 | IceCv    | Entered an ice cave
 19085 | IceCv    | Reached XP level 13. HP: 91/91 MP: 16/16
 19123 | IceCv    | Noticed a white draconian
 19135 | IceCv    | Killed a white draconian
 19330 | Lair:4   | Reached skill level 19 in Ranged Weapons
 20064 | Lair:5   | Found a staircase to the Slime Pits.
 20713 | Lair:6   | Entered Level 6 of the Lair of Beasts
 20989 | D:10     | Bought a potion of curing for 36 gold pieces
 20989 | D:10     | Bought a potion of haste for 120 gold pieces
 20989 | D:10     | Bought 2 potions of brilliance for 96 gold pieces
 20989 | D:10     | Bought a potion of curing for 36 gold pieces
 20989 | D:10     | Bought a potion of resistance for 120 gold pieces
 20989 | D:10     | Bought a potion of experience for 600 gold pieces
 20989 | D:10     | Reached skill level 20 in Ranged Weapons
 20989 | D:10     | Reached XP level 14. HP: 105/105 MP: 17/17
 21286 | Lair:6   | Reached skill level 5 in Fighting
 21423 | Lair:6   | Noticed Josephine
 21427 | Lair:6   | Killed Josephine
 21635 | Lair:6   | Identified the +9 mace "Keiff" {venom, rC++}
 22284 | Orc:1    | Entered Level 1 of the Orcish Mines
 22342 | Orc:2    | Entered Level 2 of the Orcish Mines
 22621 | Orc:2    | Found a staircase to the Elven Halls.
 22662 | Orc:2    | Found Bousutz's General Store.
 22725 | Orc:2    | Found Levirghu's Magic Scroll Emporium.
 22877 | Orc:2    | Reached XP level 15. HP: 118/118 MP: 18/18
 22900 | Orc:2    | Reached skill level 21 in Ranged Weapons
 23081 | Orc:2    | Noticed Snorg
 23084 | Orc:2    | Killed Snorg
 23309 | Orc:2    | Found Emiwiga's Book Shop.
 23309 | Orc:2    | Found Heydgh's Antique Armour Boutique.
 23310 | Orc:2    | Found a one-way gate leading to the halls of Pandemonium.
 24224 | D:13     | Noticed Rupert
 24229 | D:13     | Killed Rupert
 24664 | D:13     | Identified the +1 plate armour of the Rose {-Cast Harm
                  | rPois rF+++}
 24674 | D:13     | Found a gate to the Vaults.
 25058 | D:14     | Reached skill level 10 in Fighting
 25331 | D:14     | Found a gate leading to a gauntlet.
 25712 | D:15     | Entered Level 15 of the Dungeon
 25776 | D:15     | Reached skill level 22 in Ranged Weapons
 25925 | D:15     | Reached skill level 1 in Summonings
 25925 | D:15     | Reached skill level 1 in Translocations
 25930 | D:15     | Reached skill level 1 in Spellcasting
 26188 | D:15     | Reached XP level 16. HP: 129/136 MP: 22/22
 26214 | D:15     | Found a staircase to the Depths.
 26475 | Shoals:1 | Entered Level 1 of the Shoals
 26581 | Shoals:1 | Identified the ring "Panoppem" {*Corrode Fly Will+ Int+6
                  | SInv}
 26721 | Shoals:1 | Identified the +8 mace "Wonud" {venom, +Blink rF++ Str-3}
 27128 | Shoals:2 | Found Yrisot's Antique Weapon Boutique.
 27178 | Shoals:2 | Found a large runed translucent door.
 27179 | Shoals:2 | Found a large runed translucent door.
 27180 | Shoals:2 | Noticed Orphipn's ghost (adept VSEE)
 27395 | Shoals:2 | Found Ravvim's General Store.
 27420 | Shoals:2 | Found Voaso's Weapon Shoppe.
 27423 | Shoals:2 | Bought the ring of Muahir {rC+ Str-2 Slay+4} for 624 gold
                  | pieces
 27423 | Shoals:2 | Bought 2 scrolls of enchant weapon for 210 gold pieces
 27836 | Lair:4   | Identified the +6 mace "Sax Som" {freeze, Dex+3}
 27854 | Lair:4   | Identified the amulet of Koceorioto {RegenMP Str+2}
 28148 | Orc:2    | Bought a book of the Warp for 448 gold pieces
 28157 | Orc:2    | Learned a level 8 spell: Disjunction
 28418 | Shoals:3 | Noticed Mara
 28707 | Shoals:3 | Reached skill level 5 in Summonings
 28709 | Shoals:3 | Reached skill level 5 in Translocations
 28748 | Shoals:3 | Noticed a kraken
 28855 | Shoals:3 | Killed Mara
 29062 | Shoals:4 | Entered Level 4 of the Shoals
 29579 | Shoals:4 | Got a barnacled rune of Zot
 29704 | Shoals:4 | Reached XP level 17. HP: 129/148 MP: 27/27
 30082 | Snake:1  | Entered Level 1 of the Snake Pit
 30822 | Snake:2  | Noticed Agnes
 30825 | Snake:2  | Killed Agnes
 30975 | Snake:2  | Noticed Nikola
 30983 | Snake:2  | Killed Nikola
 31533 | Snake:2  | Found Niklufilucs's Jewellery Boutique.
 31534 | Snake:2  | Found Iwneg's Book Emporium.
 31535 | Snake:2  | Found Equob Fei's Jewellery Boutique.
 31562 | Snake:2  | Identified the +8 hand axe "Oraitots" {flame, *Noise rF+
                  | Will+ Stlth+}
 31722 | Snake:3  | Found Nuithryi's Distillery.
 31729 | Snake:3  | Bought a potion of heal wounds for 75 gold pieces
 31729 | Snake:3  | Bought a potion of heal wounds for 75 gold pieces
 32235 | Snake:3  | Found a runed translucent door.
 32235 | Snake:3  | Noticed Bacito's ghost (adept DECj)
 32636 | Snake:3  | Killed Bacito's ghost
 32640 | Snake:3  | Identified the ring of the Raven {rElec Will+ rCorr Str+8
                  | Dex-3}
 32679 | Snake:4  | Entered Level 4 of the Snake Pit
 32834 | Snake:4  | Noticed Vashnia
 32870 | Snake:4  | Killed Vashnia
 33017 | Snake:4  | Reached skill level 10 in Summonings
 33045 | Snake:4  | Reached skill level 10 in Translocations
 33070 | Snake:4  | Got a serpentine rune of Zot
 33159 | Snake:4  | Reached XP level 18. HP: 160/160 MP: 28/28
 33171 | Snake:4  | Noticed Louise
 33181 | Snake:4  | Killed Louise
 34102 | Depths:1 | Entered Level 1 of the Depths
 35410 | Depths:1 | You fall into a shaft and drop 1 floor!
 35800 | Depths:2 | Identified the amulet "Gykh" {Reflect Dex+4 SH+5}
 36433 | Depths:2 | Noticed Vv
 36466 | Depths:2 | HP: 3/158 [Vv/creeping frost (49)]
 36467 | Depths:2 | Slain by Vv

Illustrated notes

Levels and vault maps discovered:
D:1:      dpeg_arrival_water_fire, layout_basic, lemuel_old_faithful
D:2:      layout_loops_corners, ebering_ecumenical_altar_box, basic_altar,
          serial_shops, nicolae_shop_behind_doors, minivault_4, nrook_uturn,
          uniq_crazy_yiuf_cottage
D:3:      layout_rooms, lemuel_tele_altar
D:4:      layout_rooms, nicolae_ru_great_annihilating_truth, bloody_trog,
          mainiacjoe_overflow_two_lobes, minmay_temple_entry_offerings
D:5:      layout_basic, mainiacjoe_overflow_small_starburst, xom_butterflies,
          uniq_eustachio
D:6:      layout_basic, kennysheep_okawaru_gauntlet, zin_scriptorium,
          nicolae_ossuary_entry_plus, uniq_menkaure, uniq_sigmund,
          uniq_blork_the_orc
D:7:      layout_cave_pods, mainiacjoe_overflow_cross_hatched,
          wad_floor_pattern_2, hangedman_decor_clover_reticule, uniq_maggie,
          uniq_duvessa, uniq_joseph
D:8:      layout_rooms, mainiacjoe_overflow_surrounded_room,
          nicolae_overflow_hidden_temple
D:9:      layout_long_grid, mainiacjoe_overflow_brackets, kennysheep_little_box,
          statue_in_the_mist_lemuel, minmay_bent, uniq_erica
D:10:     layout_loops_corners, nicolae_uskayaw_murder_on_the_dancefloor,
          kennysheep_mini_moat, erik_lair_orcish_takeover, serial_shops,
          nicolae_shop_advertising_works [nicolae_subvault_shop_adworks],
          kennysheep_doodads, uniq_urug
D:11:     layout_stronghold, nicolae_blasting_shop
D:12:     layout_layer_cave, erik_orc_1, uniq_nessos, uniq_jorgrun
D:13:     layout_roguey, ximxim_vaults_locker_room, hangedman_weighted_door,
          uniq_rupert
D:14:     layout_rooms, gauntlet_entry_generic, chequers_serial_rivers_large_b
D:15:     hangedman_depths_entry_civil_slaughter, layout_basic
Lair:1:   layout_cave_pods, chequers_serial_rivers_micro_e,
          dreamdust_mushroom_princess
Lair:2:   layout_cellular_growth, shoals_dummy_entry,
          guppyfry_snake_entry_garden
Lair:3:   layout_cave_pods, uniq_fannar
Lair:4:   gammafunk_worm_tunnel, layout_cave_pods, portal_ice_cave_entry_imps,
          nicolae_lair_run_with_the_wolves, infiniplex_staircase_pool,
          lemuel_fruit_fields
Lair:5:   lemuel_reptile_caves, layout_loops_ring, slime_entry_1,
          kennysheep_basilisk_garden, infiniplex_staircase_pool_2
Lair:6:   minmay_lair_end_frog_pond, layout_cave_pods, serial_bayou_shore_a,
          uniq_josephine
Shoals:1: layout_shoals
Shoals:2: layout_shoals, serial_shops, shop, shop, nicolae_square_shop,
          ebering_ghost_disaster_area, nicolae_shoals_beach_house_on_fowls_legs
Shoals:3: layout_shoals, wheals_shoals_ruined_temple, uniq_mara
Shoals:4: shoals_end_hangedman, layout_shoals
Snake:1:  layout_gridlike, nicolae_snake_salamander_zone, serial_bayou_shore_b
Snake:2:  layout_cave_town, minmay_shop_grove, uniq_agnes, uniq_nikola
Snake:3:  layout_misc_corridors, ebering_ghost_inner_flame, serial_shops,
          nicolae_shop_trees, nicolae_snake_salamander_fort, grunt_megastairs_4,
          lemuel_fruit_tree
Snake:4:  minmay_snake_end_coiled, layout_cave_town, uniq_vashnia, uniq_louise
Orc:1:    layout_diamond_mine, basic_altar
Orc:2:    pf_orc_diabolical, layout_diamond_mine, mines4_lemuel, uniq_snorg
Depths:1: layout_basic, serial_shops, shop, kennysheep_cross_room, hell_entry,
          minivault_16, dispersion_dpeg, uniq_asterion
Depths:2: minmay_split_circle, layout_cave_pools, abyss_entry, grunt_hell_horde,
          gammafunk_ghost_grave, pan_entry, hangedman_eye_storm, uniq_vv

Skill      XL: |  1  2  3  4  5  6  7  8  9 10 11 12 13 14 15 16 17 18 |
---------------+-------------------------------------------------------+-----
Ranged Weapons | 4 5 6 7 8 9 10 11 13 16 18 20 22 | 22.0
Dodging        | 3 6 8 10 | 10.0
Fighting       | 4 7 10 12 14 | 14.0
Summonings     | 2 6 10 12 | 12.2
Translocations | 2 6 10 12 | 12.1
Spellcasting   | 1 4 |  4.0
Stealth        | |  0.8

Action                   |  1- 3 |  4- 6 |  7- 9 | 10-12 | 13-15 | 16-18 || total
-------------------------+-------+-------+-------+-------+-------+-------++-------
 Fire: Shortbow          |   114 |   195 |   371 |   580 |       |       ||  1260
       Longbow           |       |       |       |   297 |   985 |  1246 ||  2528
Throw: Throwing net      |       |     1 |       |       |       |     5 ||     6
       Dart              |       |       |       |     1 |       |       ||     1
 Cast: Summon Forest     |       |       |       |       |       |     2 ||     2
Evoke: Piece from Xom's  |       |       |     1 |       |       |       ||     1
       Wand              |       |       |       |     4 |       |       ||     4
       Condenser vane    |       |       |       |       |       |     2 ||     2
  Use: Scroll            |       |       |       |    28 |     4 |    14 ||    46
       Potion            |       |       |       |     2 |     1 |     6 ||     9
Armor: Robe              |     8 |    30 |    34 |    39 |    95 |    37 ||   243
Dodge: Dodged            |    33 |    66 |   169 |   225 |   349 |   267 ||  1109
Block: Other             |       |       |       |       |       |     1 ||     1

Table legend: (Time is in decaauts)
 A = Elapsed time spent in this place.
 B = Non-inter-level travel time spent in this place.
 C = Inter-level travel time spent in this place.
 D = Time resting spent in this place.
 E = Time spent auto-exploring this place.
 F = Levels seen in this place.
 G = Mean time per level.
                   A        B        C        D        E       F      G
               +--------+--------+--------+--------+--------+-----+--------+
         Total |  35941 |  31869 |   4072 |    225 |  26744 |  35 | 1026.9 |
       Dungeon |  18647 |  16457 |   2190 |      0 |  14089 |  15 | 1243.1 |
          Lair |   6350 |   5288 |   1062 |     69 |   4408 |   6 | 1058.3 |
        Shoals |   3084 |   2886 |    198 |     37 |   2365 |   4 |  771.0 |
     Snake Pit |   3834 |   3470 |    364 |      0 |   2953 |   4 |  958.5 |
  Orcish Mines |   1438 |   1210 |    228 |      0 |    945 |   2 |  719.0 |
        Depths |   1703 |   1675 |     28 |      0 |   1433 |   2 |  851.5 |
       Ossuary |    160 |    160 |      0 |      0 |     89 |   1 |  160.0 |
      Ice Cave |    721 |    721 |      0 |    119 |    460 |   1 |  721.0 |
               +--------+--------+--------+--------+--------+-----+--------+

Top non-repeatable levels by time:
    D:10: 2943 daAuts
    D:11: 1659 daAuts
     D:7: 1649 daAuts
     D:9: 1610 daAuts
    D:12: 1580 daAuts
     D:2: 1472 daAuts
  Lair:2: 1391 daAuts
 Snake:4: 1227 daAuts
   Orc:2: 1199 daAuts
     D:1: 1127 daAuts
  Lair:1: 1125 daAuts
  Lair:4: 1086 daAuts
     D:5: 1005 daAuts
 Snake:3: 1005 daAuts
Depths:2: 1001 daAuts
